 Dungeon Crawl Stone Soup version 0.25-a0-992-gca09010 (webtiles) character file.

Game seed: 9779533188556518107, levelgen mode: deterministic

15222 Illumine the Cleaver (level 12, -4/106 HPs)
             Began as a Hill Orc Fighter on May 9, 2020.
             Was an Elder of Beogh.
             Slain by a two-headed ogre
             ... wielding a +0 giant club of flaming
              (19 damage)
             ... in a volcano on May 10, 2020.
             The game lasted 00:30:13 (13693 turns).

Illumine the Cleaver (Hill Orc Fighter)            Turns: 13693, Time: 00:30:14

Health: -4/106     AC: 16    Str: 26    XL:     12   Next: 24%
Magic:  0/19       EV: 13    Int:  8    God:    Beogh [****..]
Gold:   542        SH:  0    Dex: 10    Spells: 11/11 levels left

rFire    . . .     SeeInvis .   O - +2 battleaxe (vorpal)
rCold    . . .     Gourm    .   (shield currently unavailable)
rNeg     . . .     Faith    .   b - +2 ring mail {rPois}
rPois    +         Spirit   +   (no helmet)
rElec    .         Reflect  .   i - +0 cloak
rCorr    .         Harm     .   (no gloves)
MR       .....                  I - +0 pair of boots
Stlth    ..........             o - amulet of guardian spirit
HPRegen  0.27/turn              P - +4 ring of protection
MPRegen  0.16/turn              e - +2 ring of strength

@: very slightly contaminated, invisible
A: no striking features
a: Smiting, Recall Orcish Followers, Renounce Religion


You were in a volcano.
You worshipped Beogh.
Beogh was greatly pleased with you.
You were not hungry.

You visited 2 branches of the dungeon, and saw 13 of its levels.
You also visited: Volcano.

You collected 818 gold pieces.
You spent 276 gold pieces at shops.

Inventory:

Hand Weapons
 a - a +1 war axe
 p - a +0 longbow
 q - a +0 mace of holy wrath
 v - a +0 spear
 F - a +0 glaive
 G - a +0 trident
 O - a +2 vorpal battleaxe (weapon)
Missiles
 u - 4 boomerangs (quivered)
 E - 4 throwing nets
Armour
 b - a +2 ring mail of poison resistance (worn)
 c - a +0 kite shield
 i - a +0 cloak (worn)
 I - a +0 pair of boots (worn)
 L - the cursed +1 ring mail of Syfem {Str-5 Int+6 Slay+5, unknown}
   (You found it on level 2 of the Lair of Beasts)

   It affects your strength (-5).
   It affects your intelligence (+6).
   It affects your accuracy and damage with ranged weapons and melee attacks
   (+5).
   It has a curse placed upon it.
Jewellery
 e - a +2 ring of strength (right hand)
 m - an uncursed ring of ice
 o - an amulet of guardian spirit (around neck)
 x - an uncursed ring of resist corrosion
 P - a +4 ring of protection (left hand)
Wands
 l - a wand of paralysis (23)
 r - a wand of iceblast (18)
 w - a wand of acid (14)
 y - a wand of digging (16)
 D - a wand of polymorph (4)
Scrolls
 d - 4 scrolls of teleportation
 g - 3 scrolls of enchant weapon
 j - a scroll of immolation
 n - 3 scrolls of amnesia
 C - 2 scrolls of fear
 H - 2 scrolls of blinking
 J - 2 scrolls of magic mapping
 K - a scroll of noise {unknown}
 R - a scroll of identify
Potions
 h - 3 potions of resistance
 k - 2 potions of lignification
 s - 2 potions of curing
 t - a potion of flight
 A - 4 potions of heal wounds
 B - 2 potions of stabbing
 M - a potion of cancellation
 N - 2 potions of might
 Q - a potion of brilliance {unknown}
Comestibles
 f - 26 rations
 S - 4 chunks of flesh


   Skills:
 + Level 10.2 Fighting
 + Level 12.5 Axes
 - Level 2.0 Throwing
 + Level 9.5 Armour
 + Level 5.0 Dodging
 - Level 9.1 Shields
 + Level 10.1 Invocations


You had 11 spell levels left.
You didn't know any spells.
Your spell library contained the following spells:

 Spells                   Type           Power        Failure   Level  Hunger
 Beastly Appendage        Tmut           #.....       52%         1    ##.....
 Foxfire                  Conj/Fire      #...         52%         1    ##.....
 Shock                    Conj/Air       #...         52%         1    ##.....
 Sting                    Tmut/Pois      #...         52%         1    ##.....
 Summon Butterflies       Summ           #.......     52%         1    ##.....
 Summon Small Mammal      Summ           #...         52%         1    ##.....
 Call Imp                 Summ           #.......     67%         2    ###....
 Poisonous Vapours        Pois/Air       #.....       67%         2    ###....
 Sticks to Snakes         Tmut           #.......     67%         2    ###....
 Swiftness                Chrm/Air       #.......     67%         2    ###....
 Call Canine Familiar     Summ           #.......     88%         3    ####...
 Ignite Poison            Fire/Tmut/Pois #.......     88%         3    ####...
 Inner Flame              Hex/Fire       #.......     88%         3    ####...
 Mephitic Cloud           Conj/Pois/Air  #.......     88%         3    ####...
 Spider Form              Tmut/Pois      #.........   88%         3    ####...
 Static Discharge         Conj/Air       #.......     88%         3    ####...
 Summon Guardian Golem    Hex/Summ       #.......     88%         3    ####...
 Airstrike                Air            #.........   99%         4    #####..
 Ice Form                 Ice/Tmut       #.......     99%         4    #####..
 Olgreb's Toxic Radiance  Pois           #.......     99%         4    #####..
 Summon Ice Beast         Ice/Summ       #.......     99%         4    #####..
 Summon Lightning Spire   Summ/Air       #.......     99%         4    #####..
 Blade Hands              Tmut           #.........   100%        5    ######.
 Fireball                 Conj/Fire      #.........   100%        5    ######.
 Lightning Bolt           Conj/Air       #.........   100%        5    ######.
 Summon Mana Viper        Hex/Summ       #.......     100%        5    ######.
 Dragon Form              Tmut           #.........   100%        7    #######
 Summon Hydra             Summ           #.........   100%        7    #######


Dungeon Overview and Level Annotations

Branches:
Dungeon (9/15)             Temple (0/1) D:4            Lair (4/6) D:8
  Swamp (0/4) Lair:4        Snake (0/4) Lair:3      Volcano (1/1)
    Orc: D:9-12

Altars:
Elyvilon
Kikubaaqudgha
Qazlal
Uskayaw

Shops:
D:8 (?*

Annotations:
Lair:4 exclusion: oklob plant


Message History

The two-headed ogre burns you!
* * * LOW HITPOINT WARNING * * *
The two-headed ogre hits you but does no damage.
The ogre mage casts a spell.
The ogre mage seems to speed up.
You fade into invisibility!
The two-headed ogre hits you but does no damage.
The two-headed ogre misses you. The two-headed ogre barely misses you.
The two-headed ogre hits you but does no damage.
The two-headed ogre hits you with a +0 giant club of flaming.
* * * LOW HITPOINT WARNING * * *
The two-headed ogre burns you.
* * * LOW HITPOINT WARNING * * *
The two-headed ogre barely misses you.
You are very lightly contaminated with residual magic.
The two-headed ogre misses you. x2
The two-headed ogre barely misses you. x2
The air gets thick with the scent of sulphur.
The two-headed ogre hits you with a +0 giant club of flaming!!
You die...

§≈≈≈≈.....§≈≈≈≈
§§≈≈≈8...8≈≈≈§#
≈≈≈≈≈.....≈≈###
##§§≈..O..≈≈#
#≈§≈8.O.8≈##
####.....##
#..O..# #8.O.8#
#..@..# #.....#
#8...8# #.....#
#.....# #8...8#
#.....# #.....#
#8.∩.8#


You could see 4 two-headed ogres.

Vanquished Creatures
  Harold (D:8)
  3 black mambas
  A spiny frog (Lair:3)
  2 komodo dragons
  A rime drake (Lair:2)
  A polar bear (Lair:4)
  2 blink frogs
  A hippogriff (D:8)
  4 yaks
  2 wyverns
  2 basilisks (Lair:3)
  Menkaure (D:5)
  2 water moccasins
  6 porcupines
  3 orc warriors
  A sky beast (D:6)
  A necrophage (D:6)
  2 ice beasts
  9 ogres
  A centaur (D:9)
  A crocodile (Lair:4)
  2 bullfrogs (D:6)
  A gnoll sergeant (D:7)
  3 scorpions
  2 wights (D:9)
  4 howler monkeys
  6 crimson imps
  2 bullfrog zombies
  4 hounds
  2 centaur zombies (D:8)
  5 orc priests
  3 orc wizards
  2 bullfrog skeletons
  Jessica (D:2)
  2 centaur skeletons
  8 iguanas
  5 worker ants
  A hound skeleton (D:4)
  2 gnolls (D:7)
  7 adders
  2 oozes
  4 worms
  6 dart slugs
  7 leopard geckos
  31 orcs
  6 bats
  5 giant cockroaches
  6 goblins
  7 hobgoblins
  7 jackals
  10 kobolds
  3 quokkas
  5 frilled lizards
  A leopard gecko skeleton (D:4)
  A quokka zombie (D:5)
  4 rats
  A plant (Lair:4)
215 creatures vanquished.

Vanquished Creatures (collateral kills)
  4 hydras
  A black mamba (Lair:3)
  3 spiny frogs
  4 komodo dragons
  9 blink frogs
  4 hippogriffs
  7 yaks
  A steam dragon (D:7)
  A naga (Lair:3)
  An acid dragon (D:8)
  3 water moccasins
  2 porcupines (Lair:2)
  An orc warrior (D:9)
  A black bear (Lair:3)
  2 crocodiles (D:8)
  4 bullfrogs
  2 scorpions
  2 wights (D:9)
  A howler monkey (D:8)
  3 orc wizards
  A bullfrog skeleton (D:9)
  An iguana (D:9)
  A worker ant (D:7)
  A gnoll (D:7)
  7 orcs
  A giant cockroach (D:7)
  4 fungi
  2 plants (Lair:2)
74 creatures vanquished.

Vanquished Creatures (others)
  An orc warrior (Lair:3)
  An orc priest (Lair:3)
  An orc wizard (Lair:2)
  5 orcs
  2 plants (Lair:4)
10 creatures vanquished.

Grand Total: 299 creatures vanquished

Notes
Turn   | Place    | Note
-------+----------+-------------------------------------------
     0 | D:1      | Illumine the Hill Orc Fighter began the quest for the Orb.
     0 | D:1      | Reached XP level 1. HP: 19/19 MP: 1/1
    69 | D:1      | Reached skill level 3 in Axes
    70 | D:1      | Reached XP level 2. HP: 22/27 MP: 2/2
   489 | D:1      | Reached XP level 3. HP: 31/33 MP: 3/3
   633 | D:2      | Noticed Jessica
   639 | D:2      | Killed Jessica
   639 | D:2      | Reached skill level 4 in Axes
   639 | D:2      | Reached XP level 4. HP: 39/40 MP: 4/4
   928 | D:3      | Became a worshipper of Beogh the Brigand
  1381 | D:1      | Reached XP level 5. HP: 46/47 MP: 5/5
  1800 | D:2      | Noticed an ogre
  1807 | D:2      | Killed an ogre
  1807 | D:2      | Reached skill level 5 in Axes
  1807 | D:2      | Reached skill level 1 in Invocations
  2000 | D:2      | Reached XP level 6. HP: 50/53 MP: 7/7
  2450 | D:3      | Reached * piety under Beogh
  2857 | D:4      | Found a stormy altar of Qazlal.
  2877 | D:4      | Reached skill level 6 in Axes
  2914 | D:4      | Found a staircase to the Ecumenical Temple.
  3027 | D:4      | Reached skill level 5 in Fighting
  3100 | D:4      | Found an ancient bone altar of Kikubaaqudgha.
  3107 | D:4      | Reached XP level 7. HP: 59/61 MP: 8/8
  3554 | D:4      | Found a white marble altar of Elyvilon.
  3753 | D:4      | Reached ** piety under Beogh
  3831 | D:5      | Entered Level 5 of the Dungeon
  3839 | D:5      | Reached skill level 7 in Axes
  3839 | D:5      | Reached skill level 5 in Armour
  3839 | D:5      | Reached skill level 5 in Shields
  4329 | D:5      | Noticed Menkaure
  4336 | D:5      | Killed Menkaure
  4336 | D:5      | Reached XP level 8. HP: 12/70 MP: 10/10
  4767 | D:5      | Reached skill level 8 in Axes
  5709 | D:6      | Reached skill level 9 in Axes
  5713 | D:6      | Reached skill level 5 in Invocations
  5714 | D:6      | Reached XP level 9. HP: 64/78 MP: 12/12
  5808 | D:6      | Reached *** piety under Beogh
  6893 | D:7      | Found a hide-covered altar of Uskayaw.
  6897 | D:7      | Noticed a +0 dagger
  6898 | D:7      | Noticed a +0 hand axe
  6912 | D:7      | Reached skill level 10 in Axes
  7911 | D:8      | Reached skill level 1 in Dodging
  8010 | D:8      | Noticed Harold
  8021 | D:8      | Killed Harold
  8021 | D:8      | Reached XP level 10. HP: 57/88 MP: 13/15
  8335 | D:8      | Found Tedoegea's Magic Scroll Boutique.
  8339 | D:8      | Bought a scroll of identify for 26 gold pieces
  8339 | D:8      | Bought a scroll of random uselessness for 13 gold pieces
  8486 | D:8      | Found Vauruss's Antique Weapon Emporium.
  8667 | D:8      | Found a staircase to the Lair.
  9080 | D:8      | Found Wayloe Wetu's General Store.
  9273 | D:9      | Reached skill level 11 in Axes
  9524 | D:9      | Reached **** piety under Beogh
  9829 | D:9      | Gained Urtork as an ally
 10052 | Lair:1   | Entered Level 1 of the Lair of Beasts
 10289 | Lair:1   | Noticed a spiny frog
 10295 | Lair:1   | Killed a spiny frog
 10295 | Lair:1   | Reached XP level 11. HP: 69/95 MP: 17/17
 11572 | Lair:2   | Got a bloodstained ring mail
 12011 | Lair:3   | Noticed an eight-headed hydra
 12019 | Lair:3   | Killed an eight-headed hydra
 12019 | Lair:3   | Reached skill level 1 in Throwing
 12032 | Lair:3   | Reached skill level 12 in Axes
 12034 | Lair:3   | Noticed a six-headed hydra
 12040 | Lair:3   | Noticed a four-headed hydra
 12047 | Lair:3   | HP: 4/99 [six-headed hydra (3)]
 12048 | Lair:3   | Upgraded the game from 0.25-a0-990-g0adbbaa to
                  | 0.25-a0-992-gca09010
 12049 | Lair:3   | Killed a five-headed hydra
 12464 | Lair:3   | Killed a four-headed hydra
 12761 | D:8      | Bought a glowing battleaxe for 237 gold pieces
 13064 | Lair:3   | Reached XP level 12. HP: 93/106 MP: 16/19
 13172 | Lair:3   | Found a staircase to the Snake Pit.
 13459 | Lair:4   | Reached skill level 10 in Fighting
 13467 | Lair:4   | Identified the Guide on Moulding and Heat
 13471 | Lair:4   | Noticed a five-headed hydra
 13477 | Lair:4   | Killed a five-headed hydra
 13504 | Lair:4   | Reached skill level 10 in Invocations
 13528 | Lair:4   | Reached skill level 5 in Dodging
 13564 | Lair:4   | Found a dark tunnel.
 13575 | Volcano  | Entered a volcano
 13677 | Volcano  | Noticed an ogre mage
 13679 | Volcano  | Paralysed by an ogre mage for 6 turns
 13679 | Volcano  | Noticed a two-headed ogre
 13679 | Volcano  | Noticed a two-headed ogre
 13682 | Volcano  | Noticed a two-headed ogre
 13684 | Volcano  | Noticed a two-headed ogre
 13693 | Volcano  | Slain by a two-headed ogre

Illustrated notes

Levels and vault maps discovered:
D:1:      wheals_arrival_shading, layout_loops_ring, moated_statue
D:2:      layout_rooms, kennysheep_generic_room_14, uniq_jessica
D:3:      layout_rooms
D:4:      layout_basic, grunt_qazlal_clouds, kiku_gazebo_pond_becter,
          elyvilon_altar_1, minmay_temple_entry_ruins, first_ration
D:5:      layout_loops_ring, uniq_menkaure
D:6:      layout_basic
D:7:      lemuel_ice_spiral_2, layout_basic, dancing_weapons_uskayaw
D:8:      layout_basic, erik_lair_dragon, serial_shops, shop, kennysheep_mini,
          nicolae_shop_trees, minivault_26, grunt_ogre_cave, uniq_harold
D:9:      layout_gridville
Lair:1:   layout_hall_layers, minmay_stone_trees_small,
          chequers_serial_rivers_large_a, serial_bayou_crossing
Lair:2:   layout_regular_city
Lair:3:   layout_gridlike, guppyfry_snake_entry_island, grunt_megastairs_4
Lair:4:   layout_regular_city, palyth_hydra_swamp_entry, enter_volcano_2,
          minmay_lair_oklob_items, hangedman_lair_generics_rect
Volcano:  kennysheep_volcano_temple

Skill      XL: |  1  2  3  4  5  6  7  8  9 10 11 12 |
---------------+-------------------------------------+-----
Axes           | 3 4 5 6 7 9 10 11 12 | 12.5
Fighting       | 4 5 6 7 8 9 10 | 10.2
Shields        | 4 5 6 7 8 9 |  9.1
Armour         | 4 5 7 8 9 |  9.5
Invocations    | 1 2 3 5 6 8 9 10 | 10.1
Dodging        | 2 3 4 5 |  5.0
Throwing       | 2 |  2.0

Action                   |  1- 3 |  4- 6 |  7- 9 | 10-12 || total
-------------------------+-------+-------+-------+-------++-------
Melee: War axe           |    65 |   207 |   312 |   247 ||   831
       Mace              |       |       |     4 |    14 ||    18
       Unarmed           |       |       |     3 |       ||     3
       Battleaxe         |       |       |       |    31 ||    31
Throw: Boomerang         |       |       |     2 |     2 ||     4
Invok: Convert to Beogh  |       |     1 |       |       ||     1
       Recall Orcish Fol |       |       |       |     5 ||     5
       Stop Recall       |       |       |       |     3 ||     3
       Smiting           |       |       |       |     1 ||     1
Evoke: Wand              |       |       |       |     2 ||     2
  Use: Potion            |     1 |     1 |     1 |     4 ||     7
       Scroll            |       |     9 |     4 |    10 ||    23
 Stab: Distracted        |       |       |       |     6 ||     6
       Paralysed         |       |       |       |     5 ||     5
  Eat: Chunk             |       |     7 |    16 |    13 ||    36
       Ration            |       |       |       |     2 ||     2
Armor: Scale mail        |    33 |    68 |       |       ||   101
       Ring mail         |       |    13 |   105 |    85 ||   203
       Chain mail        |       |     4 |       |       ||     4
Dodge: Dodged            |    36 |    65 |    96 |   140 ||   337
Block: Kite shield       |    49 |   125 |   147 |   172 ||   493

Table legend:
 A = Non-vault XP
 B = Vault XP
 C = Vault XP percentage of total XP
 D = Non-vault monster count
 E = Vault monster count
 F = Vault count percentage of total count
                 A         B        C        D         E       F
            +---------+---------+-------+---------+---------+-------
      Total |   17471 |    4276 |  19.7 |     264 |      18 |   6.4
            +---------+---------+-------+---------+---------+-------
        D:1 |      67 |       0 |   0.0 |      28 |       0 |   0.0
        D:2 |     199 |      41 |  17.1 |      23 |       3 |  11.5
        D:3 |     170 |       0 |   0.0 |      14 |       0 |   0.0
        D:4 |     506 |       0 |   0.0 |      29 |       0 |   0.0
        D:5 |     557 |     172 |  23.6 |      20 |       1 |   4.8
        D:6 |    1374 |       0 |   0.0 |      28 |       0 |   0.0
        D:7 |     557 |       0 |   0.0 |      20 |       0 |   0.0
        D:8 |    1211 |    2065 |  63.0 |      15 |       8 |  34.8
        D:9 |    1638 |       0 |   0.0 |      29 |       0 |   0.0
     Lair:1 |    1990 |       0 |   0.0 |      13 |       0 |   0.0
     Lair:2 |    3650 |       0 |   0.0 |      20 |       0 |   0.0
     Lair:3 |    3068 |    1464 |  32.3 |      17 |       3 |  15.0
     Lair:4 |    2484 |     534 |  17.7 |       8 |       3 |  27.3
            +---------+---------+-------+---------+---------+-------
